 Dungeon Crawl Stone Soup version 0.29.0-4-gdea44cf6ec (webtiles) character file.

Game seed: 6507129921852450038

14560 MeatBomb the Basher (level 11, -4/102 HPs)
             Began as a Minotaur Berserker on Aug 26, 2022.
             Was a High Priest of Trog.
             Killed by divine providence
             ... invoked by an orc priest
              (10 damage)
             ... on level 1 of the Orcish Mines.
             The game lasted 02:23:02 (12018 turns).

MeatBomb the Basher (Minotaur Berserker)           Turns: 12018, Time: 02:23:02

Health: -4/102     AC: 24    Str: 30    XL:     11   Next: 90%
Magic:  10/10      EV:  7    Int:  4    God:    Trog [*****.]
Gold:   626        SH: 10    Dex:  7    Spells: 10/10 levels left

rFire   . . .      SeeInvis .   a - +9 demon whip of Qaeruy {flame, rN+ Str+4 Dex-3}
rCold   . . .      Faith    .   x - +0 kite shield
rNeg    + . .      Spirit   .   H - +2 ring mail {Will+}
rPois   .          Reflect  .   (helmet restricted)
rElec   .          Harm     .   W - +1 cloak {Stlth+}
rCorr   .          Rampage  .   s - +1 pair of gloves
Will    +....                   r - +0 pair of boots
Stlth   +.........              (no amulet)
HPRegen 0.27/turn               e - +4 ring of protection
MPRegen 0.12/turn               B - +4 ring of protection

@: grasped by roots, constricted
A: horns 2, retaliatory headbutt
a: Renounce Religion, Berserk, Trog's Hand, Brothers in Arms


You were on level 1 of the Orcish Mines.
You worshipped Trog.
Trog was extremely pleased with you.
You visited 2 branches of the dungeon, and saw 10 of its levels.

You collected 626 gold pieces.

Inventory:

Hand Weapons
 a - the +9 demon whip of Qaeruy (weapon) {flame, rN+ Str+4 Dex-3}
   (Trog gifted it to you on level 9 of the Dungeon)

   It burns those it strikes, dealing additional fire damage.
   Str:       It affects your strength (+4).
   Dex:       It affects your dexterity (-3).
   rN:        It protects you from negative energy.
 b - a +1 vorpal flail
 k - a +3 mace of electrocution
 O - a +2 vampiric trident
 Q - a +0 vorpal hand axe
Missiles
 h - 78 stones
 n - 2 throwing nets
 v - 2 javelins
 C - 22 poisoned darts (quivered)
Armour
 o - a +0 ring mail of fire resistance
 r - a +0 pair of boots (worn)
 s - a +1 pair of gloves (worn)
 x - a +0 kite shield (worn)
 G - +0 swamp dragon scales
 H - a +2 ring mail of willpower (worn)
 J - an orb of wrath
 S - a +0 plate armour
 T - the +1 buckler of Vexation {rC+}
   (You took it off a kobold demonologist on level 9 of the Dungeon)

   rC:        It protects you from cold.
 W - a +1 cloak of stealth (worn)
Jewellery
 e - a +4 ring of protection (left hand)
 B - a +4 ring of protection (right hand)
 E - a ring of magical power
 F - a +4 ring of evasion
Wands
 l - a wand of digging (9)
 M - a wand of roots (5)
 R - a wand of charming (12)
Scrolls
 d - a scroll of magic mapping
 g - 3 scrolls of identify
 m - 9 scrolls of teleportation
 y - a scroll of acquirement
 L - a scroll of silence
 N - a scroll of blinking
Potions
 c - 2 potions of might {unknown}
 f - a potion of cancellation {unknown}
 i - 4 potions of mutation {unknown}
 j - 2 potions of heal wounds {unknown}
 p - 3 potions of haste
 q - 2 potions of berserk rage {unknown}
 u - 2 potions of brilliance {unknown}
 w - 2 potions of flight {unknown}
 z - 2 potions of attraction {unknown}
 A - 3 potions of curing
 D - 2 potions of lignification {unknown}
 P - 2 potions of magic
Miscellaneous
 V - a lightning rod (4/4)


   Skills:
 + Level 11.2 Fighting
 - Level 6.2(10.6) Axes
 - Level 13.4(14.0) Maces & Flails
 + Level 11.2 Armour
 - Level 2.1 Dodging
 - Level 10.0 Shields


You had 10 spell levels left.
You didn't know any spells.
Your spell library was empty.

Dungeon Overview and Level Annotations

Branches:
Dungeon (9/15)             Temple (0/1) D:6            Lair (0/5) D:9
    Orc (1/2) D:9

Altars:
Dithmenos
Elyvilon
Fedhas
Gozag
Hepliaklqana
Okawaru
Trog
Vehumet
Xom
Yredelemnul
Zin

Shops:
D:5 !

Annotations:
D:9 Erolcha
Orc:1 Jorgrun


Innate Abilities, Weirdness & Mutations

You have a pair of horns on your head.
You reflexively headbutt those who attack you in melee.


Message History

Jorgrun hits you with a staff of earth!
The orc priest shouts!
You whack Jorgrun! You burn Jorgrun.
Jorgrun is lightly wounded.
You barely miss Jorgrun.
Jorgrun is lightly wounded.
Jorgrun casts a spell at you.
Roots burst forth from the earth!
The grasping roots grab you! The grasping roots constrict you.
You closely miss Jorgrun.
Jorgrun is lightly wounded.
You whack Jorgrun! You burn Jorgrun. You headbutt Jorgrun!
Jorgrun is moderately wounded.
Jorgrun hits you but does no damage. The grasping roots constrict you.
You thrash Jorgrun!! You burn Jorgrun.
Jorgrun is heavily wounded.
Jorgrun gestures at you while chanting. You resist with some effort.
The grasping roots constrict you.
You thrash Jorgrun!! You burn Jorgrun. Your headbutt misses Jorgrun.
Jorgrun is severely wounded.
You hit Jorgrun. You burn Jorgrun.
Jorgrun is severely wounded.
The orc wizard casts a spell.
The orc wizard flickers and vanishes!
Deactivating autopickup; reactivate with Ctrl-A.
Jorgrun hits you but does no damage. The grasping roots constrict you.
The orc priest miscasts a cantrip.
You whack Jorgrun! You burn Jorgrun.
Jorgrun is severely wounded.
You hit Jorgrun. You burn Jorgrun.
Jorgrun is severely wounded.
Jorgrun points at you and mumbles some strange words.
The iron shot hits you!!!
* * * LOW HITPOINT WARNING * * *
The grasping roots constrict you.
* * * LOW HITPOINT WARNING * * *
The orc priest mumbles some strange prayers to Beogh against you.
Beogh smites you!
You die...

#.### ......##
.....##.#....
............#
.#......#...## .
..$..........##.$
............#....
......)$.........
......><.@g......
......)..........
..........##.##.#
..#.......# #
...#.....o.
..#.#.......
.........8$..
...#.#.#.....


You could see Jorgrun and an orc priest.

Vanquished Creatures
  A boulder beetle (D:9)
  A hydra (D:9)
  5 two-headed ogres
  A catoblepas (D:9)
  A centaur warrior (D:9)
  A cyclops (D:9)
  Pikel (D:4)
  Maurice (D:8)
  Joseph (D:7)
  Maggie (D:7)
  An unseen horror (D:9)
  A kobold demonologist (D:9)
  A meliai (D:9)
  A raiju (shapeshifter) (D:9)
  Sigmund (D:2)
  2 wyverns
  A yak (D:9)
  5 steam dragons
  Menkaure (D:4)
  A water moccasin (D:8)
  10 orc warriors (D:9)
  3 ice beasts
  A black bear (D:5)
  7 centaurs
  2 ogres
  2 kobold brigands
  5 bullfrogs
  A necrophage (D:4)
  5 scorpions
  2 gnoll sergeants
  8 wights
  12 killer bees
  2 howler monkeys (D:9)
  4 hounds
  8 orc priests
  3 gnoll boudas
  An iguana (D:6)
  Terence (D:2)
  15 orc wizards
  A centaur simulacrum (D:9)
  14 gnolls
  9 adders
  A shadow imp (D:6)
  A white imp (D:7)
  An ufetubus (D:5)
  5 worms
  3 dart slugs
  51 orcs
  10 ball pythons
  A bat (D:1)
  6 endoplasms
  2 giant cockroaches
  10 hobgoblins
  3 jackals (D:3)
  16 kobolds
  6 quokkas
  A frilled lizard (D:1)
  5 goblins
  4 rats (D:1)
271 creatures vanquished.

Vanquished Creatures (others)
  An orc wizard (D:9)
  3 withered plants (D:2)
4 creatures vanquished.

Grand Total: 275 creatures vanquished

Notes
Turn   | Place    | Note
-------+----------+-------------------------------------------
     0 | D:1      | MeatBomb the Minotaur Berserker began the quest for the
                  | Orb.
     0 | D:1      | Reached XP level 1. HP: 19/19 MP: 0/0
   485 | D:1      | Reached XP level 2. HP: 23/26 MP: 1/1
   840 | D:1      | Reached skill level 5 in Axes
   873 | D:1      | Reached ** piety under Trog
   874 | D:1      | Reached XP level 3. HP: 21/31 MP: 2/2
  1489 | D:2      | Noticed Sigmund
  1590 | D:2      | Noticed Terence
  1598 | D:2      | Killed Terence
  1599 | D:2      | Reached XP level 4. HP: 30/39 MP: 3/3
  1865 | D:2      | Found a faded altar of an unknown god.
  1953 | D:2      | Killed Sigmund
  1954 | D:2      | Reached skill level 4 in Maces & Flails
  1954 | D:2      | Reached XP level 5. HP: 45/45 MP: 4/4
  2464 | D:3      | Found a basalt altar of Yredelemnul.
  2558 | D:3      | Reached skill level 5 in Maces & Flails
  2563 | D:3      | Reached XP level 6. HP: 51/51 MP: 5/5
  3124 | D:4      | Noticed Pikel
  3131 | D:4      | Killed Pikel
  3132 | D:4      | Reached skill level 8 in Maces & Flails
  3132 | D:4      | Reached XP level 7. HP: 57/57 MP: 6/6
  3255 | D:4      | Found a radiant altar of Vehumet.
  3269 | D:4      | Noticed Menkaure
  3292 | D:4      | Killed Menkaure
  3293 | D:4      | Reached skill level 9 in Maces & Flails
  3410 | D:4      | Found a hazy altar of Hepliaklqana.
  3496 | D:4      | Found a shimmering altar of Xom.
  3864 | D:5      | Entered Level 5 of the Dungeon
  4024 | D:5      | Reached skill level 10 in Maces & Flails
  4024 | D:5      | Reached XP level 8. HP: 64/64 MP: 7/7
  4312 | D:5      | Reached skill level 11 in Maces & Flails
  4444 | D:5      | Reached *** piety under Trog
  4476 | D:5      | Reached skill level 12 in Maces & Flails
  4614 | D:5      | Found Qigg's Distillery.
  4732 | D:5      | Found a glowing silver altar of Zin.
  4869 | D:5      | Upgraded the game from 0.29.0-3-gbb0933ed62 to
                  | 0.29.0-4-gdea44cf6ec
  4871 | D:5      | Identified a scroll of acquirement
  5232 | D:6      | Reached XP level 9. HP: 70/70 MP: 8/8
  5261 | D:6      | Reached skill level 13 in Maces & Flails
  5412 | D:6      | Found a blossoming altar of Fedhas.
  5693 | D:6      | Found a staircase to the Ecumenical Temple.
  5701 | D:6      | You fall into a shaft and drop 1 floor!
  5727 | D:7      | Found an iron altar of Okawaru.
  5727 | D:7      | Noticed Joseph
  5735 | D:7      | Killed Joseph
  5808 | D:7      | Found a shadowy altar of Dithmenos.
  5811 | D:7      | Found a bloodstained altar of Trog.
  5989 | D:6      | Reached **** piety under Trog
  6112 | D:6      | Reached skill level 5 in Fighting
  6117 | D:6      | Reached skill level 5 in Shields
  6468 | D:7      | Noticed Maggie
  6479 | D:7      | Killed Maggie
  6910 | D:7      | Found a white marble altar of Elyvilon.
  6910 | D:7      | Found an opulent altar of Gozag.
  7061 | D:8      | Noticed a two-headed ogre
  7070 | D:8      | Killed a two-headed ogre
  7071 | D:8      | Reached XP level 10. HP: 84/84 MP: 9/9
  7335 | D:8      | Noticed Maurice
  7364 | D:8      | Killed Maurice
  8203 | D:9      | Reached ***** piety under Trog
  8213 | D:9      | Noticed a two-headed ogre
  8217 | D:9      | Killed a two-headed ogre
  8305 | D:9      | Noticed a seven-headed hydra
  8305 | D:9      | Noticed a two-headed ogre
  8532 | D:8      | Killed a two-headed ogre
  8533 | D:8      | Reached skill level 10 in Fighting
  8533 | D:8      | Reached skill level 10 in Shields
  8607 | D:9      | Killed a seven-headed hydra
  8608 | D:9      | Reached skill level 5 in Armour
  8608 | D:9      | Reached XP level 11. HP: 93/99 MP: 10/10
  8766 | D:9      | Noticed Erolcha
  9016 | D:9      | Found a staircase to the Orcish Mines.
  9400 | D:9      | Identified the +1 buckler of Vexation {rC+}
  9443 | D:9      | Noticed a centaur warrior
  9635 | D:9      | Noticed a catoblepas
  9968 | D:9      | Noticed a boulder beetle
 10009 | D:9      | Killed a boulder beetle
 10303 | D:9      | Found a staircase to the Lair.
 10369 | D:9      | Killed a centaur warrior
 10764 | D:9      | Reached skill level 10 in Armour
 10989 | D:9      | Noticed a two-headed ogre
 11013 | D:9      | Killed a two-headed ogre
 11032 | D:9      | Killed a catoblepas
 11484 | D:9      | Identified the +9 demon whip of Qaeruy {flame, rN+ Str+4
                  | Dex-3} (Trog gifted it to you on level 9 of the Dungeon)
 11484 | D:9      | Received a gift from Trog
 11696 | Orc:1    | Entered Level 1 of the Orcish Mines
 11696 | Orc:1    | Noticed Jorgrun
 11696 | Orc:1    | Noticed a two-headed ogre
 11951 | D:9      | Killed a two-headed ogre
 12018 | Orc:1    | Killed from afar by an orc priest

Illustrated notes

Levels and vault maps discovered:
D:1:      amcnicky_arrival_wind_blow, layout_basic
D:2:      layout_basic, ebering_ecumenical_altar_petrified, uniq_terence,
          uniq_sigmund
D:3:      layout_basic, mainiacjoe_overflow_cross_hatched
D:4:      layout_basic, mainiacjoe_overflow_boulevard,
          overflow_temple_1_default, worldfamousw_hep_ancestral_shrine,
          serial_glass, glass_columns_a, glass_columns_a, glass_columns_a,
          glass_columns_b, glass_columns_a, glass_columns_a,
          hangedman_abyss_or_decor_passed, kennysheep_generic_room_9,
          uniq_pikel, uniq_menkaure
D:5:      layout_basic, mainiacjoe_overflow_alcove_2, serial_shops, shop,
          grunt_decor_cap
D:6:      layout_loops_ring, mainiacjoe_overflow_24_doors,
          minmay_temple_entry_mini_moons, hangedman_minor_gate_pass
D:7:      layout_rooms, okawaru_ov_weapons_minmay, minitemple,
          minmay_misc_feat_plants, uniq_maggie, uniq_joseph
D:8:      layout_loops_ring, uniq_maurice
D:9:      minmay_the_grid_octo_tiled_octocenter [minmay_the_grid_octo_chip,
          minmay_the_grid_octo_pinwheel, minmay_the_grid_octo_empty,
          minmay_the_grid_octo_vomiting_pacman,
          minmay_the_grid_octo_prize_ultimate_mussel_roller,
          minmay_the_grid_square_5x5_misaligned,
          minmay_the_grid_square_5x5_n_small, minmay_the_grid_square_5x5_fat_x,
          minmay_the_grid_square_5x5_two], layout_basic, orc_0_dummy,
          special_room [special_room_orc], uniq_erolcha
Orc:1:    layout_caves, serial_shops, nicolae_shop_statue_plus, uniq_jorgrun,
          uniq_fannar

Skill      XL: |  1  2  3  4  5  6  7  8  9 10 11 |
---------------+----------------------------------+-----
Axes           | 4 5 6 |  6.2
Maces & Flails | 4 5 8 10 12 13 | 13.4
Fighting       | 6 10 11 | 11.2
Shields        | 7 10 | 10.0
Armour         | 5 11 | 11.2
Dodging        | |  2.1

Action                   |  1- 3 |  4- 6 |  7- 9 | 10-12 || total
-------------------------+-------+-------+-------+-------++-------
Melee: Hand axe          |    96 |       |       |       ||    96
       Headbutt          |    12 |     6 |    36 |    75 ||   129
       Punch             |     1 |       |       |       ||     1
       Flail             |       |    42 |   215 |   410 ||   667
       Demon whip        |       |       |       |    44 ||    44
Throw: Stone             |    17 |     2 |    22 |       ||    41
       Dart              |       |    25 |    22 |     8 ||    55
Invok: Berserk           |     1 |     2 |     1 |     4 ||     8
       Trog's Hand       |       |       |     2 |       ||     2
  Use: Scroll            |     2 |     2 |     4 |     3 ||    11
       Potion            |       |       |       |     1 ||     1
 Stab: Distracted        |       |       |       |     2 ||     2
Armor: Ring mail         |     6 |       |    22 |   195 ||   223
       Animal skin       |     1 |       |       |       ||     1
       Scale mail        |    16 |     3 |       |       ||    19
       Chain mail        |       |    10 |    88 |       ||    98
Dodge: Dodged            |    35 |     9 |    72 |   110 ||   226
Block: Kite shield       |       |       |    49 |   222 ||   271
